 Dungeon Crawl Stone Soup version 0.30-a0-219-gf2db51d15e (webtiles) character file.

Game seed: 12355153532876863749

15451 Essalna the Protected (level 12, -4/115 HPs)
             Began as an Armataur Berserker on Oct 6, 2022.
             Was a High Priest of Trog.
             Succumbed to a queen bee's poison
             ... on level 11 of the Dungeon.
             The game lasted 00:27:28 (11375 turns).

Essalna the Protected (Armataur Berserker)         Turns: 11375, Time: 00:27:29

Health: -4/115     AC: 10    Str: 26    XL:     12   Next: 1%
Magic:  4/4        EV:  9    Int: 10    God:    Trog [*****.]
Gold:   372        SH:  0    Dex: 15    Spells: 11/11 levels left

rFire   . . .      SeeInvis .    C - +5 demon whip "Spellbinder" {antimagic, Will+}
rCold   + . .      Faith    .    f - orb {*Rage}
rNeg    . . .      Spirit   .    F - +0 troll leather armour
rPois   .          Reflect  .    m - +0 helmet
rElec   .          Harm     .    E - +0 cloak
rCorr   .          Roll     +    (no gloves)
Will    +....      Rage     20%  (no barding)
Stlth   +.........               (no amulet)
HPRegen 1.19/turn                d - ring of protection from cold
MPRegen 0.09/turn                s - +6 ring of dexterity

@: lethally poisoned (-4 -> -16), on berserk cooldown
A: large, rugged brown scales 3, deformed body, armoured tail, roll, long
tongue, awkward tongue
a: Renounce Religion, Berserk, Trog's Hand, Brothers in Arms


You were on level 11 of the Dungeon.
You worshipped Trog.
Trog was extremely pleased with you.
You visited 1 branch of the dungeon, and saw 11 of its levels.
You also visited: Bailey.

You collected 1363 gold pieces.
You spent 991 gold pieces at shops.

Inventory:

Hand Weapons
 a - a +1 mace
 C - the +5 demon whip "Spellbinder" (weapon) {antimagic, Will+}
   (You bought it in a shop on level 2 of the Dungeon)

   It reduces the magical energy of the wielder, and disrupts the spells and
   magical abilities of those it strikes.
   Natural abilities and divine invocations are not affected.
   It unleashes wild and unpredictable magical effects upon striking a wizard or
   a creature with magical abilities.
   Will:      It increases your willpower.
Missiles
 j - a throwing net
 v - 5 atropa-tipped darts (quivered)
Armour
 b - a +0 animal skin
 f - an orb of wrath (worn)
 l - a +0 buckler
 m - a +0 helmet (worn)
 n - a +3 scale mail of poison resistance
 E - a +0 cloak (worn)
 F - a +0 troll leather armour (worn)
Jewellery
 d - a ring of protection from cold (left hand)
 k - a +6 ring of intelligence
 s - a +6 ring of dexterity (right hand)
 t - a ring of see invisible
 B - a ring of flight
 G - a ring of ice
Wands
 K - a wand of flame (7)
 L - a wand of roots (8)
Scrolls
 c - 12 scrolls of identify
 e - 3 scrolls of noise
 h - 7 scrolls of teleportation
 o - a scroll of enchant weapon
 u - a scroll of blinking {unknown}
 w - a scroll of magic mapping
 x - 5 scrolls of fear {unknown}
 y - a scroll of brand weapon {unknown}
 H - a scroll of enchant armour {unknown}
Potions
 g - 2 potions of might
 i - 2 potions of degeneration
 p - a potion of mutation
 q - a potion of curing
 r - 4 potions of lignification
 z - 7 potions of attraction
 A - 2 potions of invisibility
 D - 2 potions of haste
 I - a potion of heal wounds {unknown}
 J - a potion of flight {unknown}


   Skills:
 + Level 10.9 Fighting
 + Level 10.9 Maces & Flails
 + Level 13.6 Armour
 - Level 1.3 Dodging


You had 11 spell levels left.
You didn't know any spells.
Your spell library was empty.

Dungeon Overview and Level Annotations

Branches:
Dungeon (11/15)            Temple (0/1) D:5            Lair (0/5) D:11
    Orc (0/2) D:11         Bailey (visited)

Altars:
Ashenzari
Dithmenos
Fedhas
Qazlal
Ru
Trog
Uskayaw
Wu Jian
Xom
Yredelemnul

Shops:
D:2 (   D:6 !   D:8 !

Annotations:
D:9 1 runed translucent door


Innate Abilities, Weirdness & Mutations

You are completely covered in rugged brown scales. (AC +3, +7% HP)
Armour fits poorly on your strangely shaped body.
You have a long armoured tail.
You roll when moving toward enemies. (Rampage)
Your long tongue fully drains potion bottles. (2x potion effects)
Your tongue gives you trouble enunciating. (1.5x scroll delay)


Message History

The queen bee is moderately wounded.
You feel sick. The killer bee stings you. x2
You are more poisoned.
The killer bee poisons you!
The killer bee stings you but does no damage.
The killer bee stings you. The killer bee closely misses you.
The killer bee stings you.
You are more poisoned.
The killer bee poisons you! The queen bee stings you!
As you read the scroll of teleportation, it crumbles to dust.
You feel strangely unstable.
You feel extremely sick. The killer bee closely misses you.
The killer bee completely misses you.
The killer bee stings you! x2; The killer bee stings you.
The killer bee stings you but does no damage.
The killer bee stings you.
The killer bee stings you but does no damage.
The killer bee stings you!
The killer bee stings you but does no damage.
The queen bee stings you. The killer bee stings you!
* * * LOW HITPOINT WARNING * * *
You are more poisoned.
The killer bee poisons you! The killer bee stings you.
* * * LOW HITPOINT WARNING * * *
The queen bee stings you.
* * * LOW HITPOINT WARNING * * *
You are lethally poisoned!
The queen bee poisons you!
The killer bee stings you but does no damage.
The killer bee barely misses you.
Your surroundings suddenly seem different.
A boulder beetle comes into view.
* * * LOW HITPOINT WARNING * * *
You feel extremely sick.
* * * LOW HITPOINT WARNING * * *
You feel extremely sick.
You hear an angry buzzing noise. x3
Found 7 stones.
You feel yourself speed up.
You die...

##########
#........#
#........#
#.....@..#
#..B.....+
#........#
#........#
#........#
#........#
#........#
#.....(..#


You could see a boulder beetle.

Vanquished Creatures
  An orc warlord (Bailey)
  Fannar (D:10)
  Erica (D:10)
  A two-headed ogre (D:11)
  Nergalle (D:11)
  Joseph (D:10)
  The ghost of flt the Insei, a novice DgTm (D:6)
  Psyche (D:11)
  A komodo dragon (D:10)
  A hornet (D:9)
  3 trolls
  A shadow (D:9)
  Sigmund (D:6)
  13 yaks
  3 steam dragons
  5 wargs
  An acid dragon (D:11)
  4 water moccasins
  2 sky beasts
  A black bear (D:6)
  An ice beast (D:6)
  19 orc warriors
  2 wolves (D:10)
  An ogre (D:5)
  3 centaurs
  2 phantoms
  A kobold brigand (D:6)
  4 bullfrogs
  3 necrophages
  4 scorpions
  8 wights
  26 killer bees
  3 electric eels (D:11)
  A jelly (D:7)
  A gnoll bouda (D:9)
  7 orc priests
  13 hounds
  Ijyb (D:3)
  Terence (D:2)
  3 iguanas
  10 orc wizards
  20 gnolls
  6 adders
  3 shadow imps (D:6)
  2 white imps
  3 worms
  4 dart slugs
  45 orcs
  2 bats (D:1)
  6 endoplasms
  3 giant cockroaches
  21 goblins
  19 hobgoblins
  3 quokkas
  6 ball pythons
  4 frilled lizards
  10 kobolds
  4 rats
319 creatures vanquished.

Vanquished Creatures (others)
  An orc wizard (D:11)
  8 fungi (D:7)
  4 plants
13 creatures vanquished.

Grand Total: 332 creatures vanquished

Notes
Turn   | Place    | Note
-------+----------+-------------------------------------------
     0 | D:1      | Essalna the Armataur Berserker began the quest for the Orb.
     0 | D:1      | Reached XP level 1. HP: 19/19 MP: 1/1
    62 | D:1      | Found a faded altar of an unknown god.
    79 | D:1      | Reached XP level 2. HP: 4/26 MP: 2/2
   386 | D:1      | Reached skill level 3 in Armour
   528 | D:1      | Reached ** piety under Trog
   738 | D:2      | Reached XP level 3. HP: 33/33 MP: 3/3
   916 | D:2      | Noticed Terence
   928 | D:2      | Killed Terence
  1082 | D:2      | Reached XP level 4. HP: 40/40 MP: 4/4
  1102 | D:2      | Found a stormy altar of Qazlal.
  1220 | D:2      | Found Gaocrodd's Weapon Emporium.
  1240 | D:3      | Noticed Ijyb
  1247 | D:3      | Killed Ijyb
  1272 | D:3      | Reached skill level 4 in Armour
  1885 | D:4      | Reached XP level 5. HP: 49/49 MP: 5/5
  1978 | D:4      | Found an ornate altar of the Wu Jian Council.
  1982 | D:4      | Found a stormy altar of Qazlal.
  1985 | D:4      | Found a hide-covered altar of Uskayaw.
  1985 | D:4      | Found a shimmering altar of Xom.
  1992 | D:4      | Found a bloodstained altar of Trog.
  2062 | D:4      | Noticed a phantom
  2068 | D:4      | Killed a phantom
  2069 | D:4      | Reached XP level 6. HP: 55/55 MP: 6/6
  2308 | D:4      | Found a broken altar of Ashenzari.
  2643 | D:4      | Reached skill level 5 in Armour
  3090 | D:5      | Entered Level 5 of the Dungeon
  3293 | D:5      | Reached XP level 7. HP: 64/64 MP: 7/7
  3354 | D:5      | Found a blossoming altar of Fedhas.
  3718 | D:5      | Reached skill level 5 in Maces & Flails
  3718 | D:5      | Reached skill level 6 in Armour
  3744 | D:5      | Reached skill level 5 in Fighting
  4128 | D:5      | Found a staircase to the Ecumenical Temple.
  4225 | D:5      | Reached XP level 8. HP: 73/73 MP: 8/8
  4377 | D:6      | Reached skill level 7 in Armour
  4456 | D:6      | Reached *** piety under Trog
  4747 | D:6      | Found a runed translucent door.
  4748 | D:6      | Noticed flt's ghost (novice DgTm)
  4799 | D:6      | Found Sipp's Distillery.
  4992 | D:6      | Reached skill level 8 in Armour
  5148 | D:6      | Noticed Sigmund
  5157 | D:6      | Killed Sigmund
  5241 | D:6      | Killed flt's ghost
  5242 | D:6      | Reached XP level 9. HP: 83/83 MP: 9/9
  5290 | D:7      | Found a flagged portal.
  5335 | Bailey   | Entered a bailey
  5537 | Bailey   | Reached skill level 9 in Armour
  5848 | Bailey   | Reached **** piety under Trog
  6094 | Bailey   | Noticed an orc warlord
  6349 | Bailey   | Reached skill level 10 in Armour
  6405 | Bailey   | Killed an orc warlord
  6406 | Bailey   | Reached XP level 10. HP: 94/94 MP: 10/10
  6470 | Bailey   | Acquired 544 gold pieces
  6870 | D:7      | Found a sacrificial altar of Ru.
  7274 | D:2      | Bought the +5 demon whip "Spellbinder" {antimagic, Will+}
                  | for 991 gold pieces
  7274 | D:2      | Found the +5 demon whip "Spellbinder" {antimagic, Will+}
  7531 | D:7      | Identified the +8 battleaxe of the Devouring Gods {freeze,
                  | +Blink Str+4 Int-4 Dex+4}
  8072 | D:8      | Reached skill level 11 in Armour
  8094 | D:8      | Reached ***** piety under Trog
  8652 | D:8      | Found Sounaxt's Distillery.
  8756 | D:8      | Found a shadowy altar of Dithmenos.
  9372 | D:9      | Found a runed translucent door.
  9374 | D:9      | Found a basalt altar of Yredelemnul.
  9609 | D:9      | Reached skill level 12 in Armour
  9609 | D:9      | Reached XP level 11. HP: 103/103 MP: 3/11
  9845 | D:10     | Entered Level 10 of the Dungeon
  9874 | D:10     | Noticed Fannar
  9884 | D:10     | Killed Fannar
 10079 | D:10     | Noticed Joseph
 10091 | D:10     | Killed Joseph
 10267 | D:10     | Identified the +0 robe "Uwnuusux" {Rampage rPois Will+}
 10335 | D:10     | Reached skill level 10 in Maces & Flails
 10470 | D:11     | Reached skill level 10 in Fighting
 10735 | D:11     | Found a staircase to the Lair.
 10737 | D:11     | Noticed Erica
 10740 | D:11     | Noticed Nergalle
 10753 | D:10     | Killed Erica
 10791 | D:11     | Killed Nergalle
 10791 | D:11     | Received a gift from Trog
 10792 | D:11     | Reached skill level 13 in Armour
 10923 | D:11     | Found a staircase to the Orcish Mines.
 11065 | D:11     | Noticed Psyche
 11065 | D:11     | Noticed a two-headed ogre
 11079 | D:11     | Killed a two-headed ogre
 11080 | D:11     | Killed Psyche
 11216 | D:11     | HP: 4/108 [poisoned by a killer bee]
 11327 | D:11     | Reached XP level 12. HP: 115/115 MP: 4/12
 11373 | D:11     | Noticed a boulder beetle
 11374 | D:11     | HP: 1/115 [poisoned by a queen bee]
 11375 | D:11     | Succumbed to a queen bee's poison

Illustrated notes

Levels and vault maps discovered:
D:1:      zaba_arrival_water, layout_rooms,
          hellmonk_ecumenical_altar_pennies_from_heaven,
          minmay_misc_feat_hallway, reono_crystal_passage,
          kennysheep_nondescript, st_stairs_13, serial_park_tiny_2,
          minmay_hedge_maze
D:2:      layout_rooms, serial_shops, nicolae_shop_bloodbath_and_beyond,
          basic_altar, uniq_terence
D:3:      layout_basic, kennysheep_cluttered_room, uniq_ijyb
D:4:      layout_basic, mainiacjoe_overflow_small_starburst,
          nicolae_overflow_hallway_of_the_gods, kennysheep_generic_room_3
D:5:      layout_gridville, fedhas_altar_1, minmay_temple_entry_waves,
          hangedman_glass_garden
D:6:      layout_basic, serial_shops, nicolae_shop_advertising_works
          [nicolae_subvault_shop_adworks], gammafunk_ghost_grave, uniq_sigmund
D:7:      layout_cave_pods, nicolae_ru_great_annihilating_truth, enter_bailey_5,
          grunt_decor_one_mirror, dreamdust_gnoll_farm
D:8:      corexii_shack_village, layout_rooms, kennysheep_mini,
          kennysheep_windowed_goal
D:9:      layout_loops_corners, dk_yredelemnul_ordeal
D:10:     layout_rooms, nooodl_orcs_dogs, uniq_fannar, uniq_joseph
D:11:     layout_roguey [special_room_bee], erik_lair_island, erik_orc_3,
          uniq_nergalle, uniq_erica, uniq_psyche

Skill      XL: |  1  2  3  4  5  6  7  8  9 10 11 |
---------------+----------------------------------+-----
Fighting       | 3 4 5 6 8 9 10 | 10.9
Maces & Flails | 3 4 5 6 8 9 10 | 10.9
Armour         | 3 4 5 6 8 10 12 13 | 13.6
Dodging        | |  1.3

Action                   |  1- 3 |  4- 6 |  7- 9 | 10-12 || total
-------------------------+-------+-------+-------+-------++-------
Melee: Mace              |    89 |   120 |   361 |    50 ||   620
       Tailslap          |    13 |     7 |    48 |    53 ||   121
       Demon whip        |       |       |       |   440 ||   440
Throw: Dart              |       |       |     7 |       ||     7
       Throwing net      |       |       |     1 |       ||     1
Invok: Berserk           |     1 |       |       |       ||     1
Evoke: Wand              |       |       |    11 |       ||    11
  Use: Scroll            |       |    12 |     5 |     2 ||    19
       Potion            |       |       |     2 |     7 ||     9
 Stab: Paralysed         |       |       |     7 |     1 ||     8
       Invisible         |       |       |     1 |       ||     1
Armor: Animal skin       |    34 |       |       |       ||    34
       Scale mail        |     5 |    64 |   192 |    90 ||   351
       Troll leather arm |       |       |       |   148 ||   148
Dodge: Dodged            |    50 |    45 |   168 |   228 ||   491

Table legend: (Time is in decaauts)
 A = Elapsed time spent in this place.
 B = Non-inter-level travel time spent in this place.
 C = Inter-level travel time spent in this place.
 D = Time resting spent in this place.
 E = Time spent auto-exploring this place.
 F = Levels seen in this place.
 G = Mean time per level.
                   A        B        C        D        E       F      G
               +--------+--------+--------+--------+--------+-----+--------+
         Total |  11931 |  11213 |    718 |    261 |   8316 |  12 |  994.2 |
       Dungeon |  10697 |   9979 |    718 |    261 |   7526 |  11 |  972.5 |
        Bailey |   1233 |   1233 |      0 |      0 |    790 |   1 | 1233.0 |
               +--------+--------+--------+--------+--------+-----+--------+

Top non-repeatable levels by time:
     D:4: 1469 daAuts
     D:5: 1309 daAuts
  Bailey: 1233 daAuts
     D:7: 1219 daAuts
     D:6: 1132 daAuts
     D:9: 1033 daAuts
    D:10: 908 daAuts
     D:8: 870 daAuts
     D:3: 772 daAuts
     D:1: 730 daAuts
     D:2: 631 daAuts
    D:11: 620 daAuts
